 Dungeon Crawl Stone Soup version 0.28.0-43-g3370ac3207 (webtiles) character file.

Game seed: 2348777743587927505

3151 Ablot the Magician (level 9, -4/71 HPs)
             Began as a Gnoll Warper on Mar 24, 2022.
             Was a Follower of Okawaru.
             Slain by an orc warrior
             ... wielding a +0 long sword
              (11 damage)
             ... on level 8 of the Dungeon.
             The game lasted 00:13:40 (10577 turns).

Ablot the Magician (Gnoll Warper)                  Turns: 10577, Time: 00:13:42

Health: -4/71      AC:  5    Str: 14    XL:     9   Next: 93%
Magic:  19/19      EV: 14    Int: 13    God:    Okawaru [*.....]
Gold:   478        SH:  0    Dex: 12    Spells: 20/22 levels left

rFire   . . .      SeeInvis .   a - +5 spear
rCold   + . .      Faith    +   (no shield)
rNeg    . . .      Spirit   .   b - +2 robe {rC+}
rPois   .          Reflect  .   L - +0 helmet
rElec   .          Harm     .   (no cloak)
rCorr   .          Rampage  .   (no gloves)
Will    .....                   (no boots)
Stlth   +++.......              g - amulet of faith
HPRegen 0.21/turn               j - +4 ring of slaying
MPRegen 0.16/turn               (no ring)

@: no status effects
A: fangs 1, strong nose, distributed training
a: Renounce Religion, Heroism


You were on level 8 of the Dungeon.
You worshipped Okawaru.
Okawaru was aware of your devotion.
You visited 2 branches of the dungeon, and saw 9 of its levels.

You collected 478 gold pieces.

Inventory:

Hand Weapons
 a - a +5 spear (weapon)
 k - a +0 arbalest
 K - a +3 trident
Missiles
 d - 10 boomerangs of dispersal
 h - 53 bolts
 l - 107 arrows
 n - 142 stones
 p - 57 sling bullets
 r - a throwing net
 y - 9 poisoned darts
 P - 3 boomerangs (quivered)
Armour
 b - a +2 robe of cold resistance (worn)
 v - a +0 helmet
 z - a +0 buckler
 L - a +0 helmet (worn)
Jewellery
 g - an amulet of faith (around neck)
 j - a +4 ring of slaying (left hand)
Wands
 A - a wand of charming (5)
 F - a wand of paralysis (2)
 G - a wand of iceblast (11)
 N - a wand of flame (15)
 O - a wand of acid (6)
Scrolls
 c - 2 scrolls of blinking
 e - 7 scrolls of identify {unknown}
 i - 2 scrolls of magic mapping {unknown}
 m - a scroll of brand weapon {unknown}
 s - a scroll of vulnerability {unknown}
 x - 2 scrolls of teleportation {unknown}
 B - 3 scrolls of noise {unknown}
 D - a scroll of torment {unknown}
 I - 3 scrolls of amnesia {unknown}
 J - 2 scrolls of immolation {unknown}
 M - a scroll of summoning {unknown}
 Q - a scroll of enchant armour {unknown}
Potions
 f - 2 potions of flight {unknown}
 o - 4 potions of brilliance {unknown}
 q - a potion of heal wounds {unknown}
 t - a potion of mutation {unknown}
 u - 3 potions of berserk rage
 w - 3 potions of curing {unknown}
 C - a potion of might {unknown}
 E - a potion of lignification {unknown}
 H - a potion of ambrosia {unknown}


   Skills:
 + Level 6.6 Fighting
 + Level 4.7 Short Blades
 + Level 4.7 Long Blades
 + Level 4.7 Axes
 + Level 4.7 Maces & Flails
 + Level 6.6 Polearms
 + Level 4.7 Staves
 + Level 4.7 Slings
 + Level 4.7 Bows
 + Level 4.7 Crossbows
 + Level 5.4 Throwing
 + Level 5.4 Armour
 + Level 6.6 Dodging
 + Level 4.7 Stealth
 + Level 4.7 Shields
 + Level 4.7 Unarmed Combat
 + Level 7.0 Spellcasting
 + Level 3.9 Conjurations
 + Level 3.9 Hexes
 + Level 3.9 Summonings
 + Level 3.9 Necromancy
 + Level 6.8 Translocations
 + Level 3.9 Transmutations
 + Level 3.9 Fire Magic
 + Level 3.9 Ice Magic
 + Level 3.9 Air Magic
 + Level 3.9 Earth Magic
 + Level 3.9 Poison Magic
 + Level 5.2 Invocations
 + Level 4.7 Evocations


You had 20 spell levels left.
You knew the following spells:

 Your Spells              Type           Power      Damage    Failure   Level
a - Blink                 Tloc           44%        N/A       1%          2

Your spell library contained the following spells:

 Spells                   Type           Power      Damage    Failure   Level
 Apportation              Tloc           44%        N/A       1%          1
 Gell's Gravitas          Tloc           22%        N/A       2%          3
 Lesser Beckoning         Tloc           22%        N/A       2%          3
 Teleport Other           Tloc           22%        N/A       2%          3
 Scorch                   Fire           28%        2d6       4%          2
 Static Discharge         Conj/Air       14%        N/A       4%          2
 Manifold Assault         Tloc           22%        N/A       26%         5
 Flame Wave               Conj/Fire      14%        2d6       30%         4
 Lightning Bolt           Conj/Air       7%         1d19      63%         5
 Maxwell's Capacitive Co  Air            7%         ∞         100%        8
 Animate Skeleton         Necr           Unusable   N/A       N/A         1
 Summon Small Mammal      Summ           Unusable   N/A       N/A         1
 Summon Cactus Giant      Summ           Unusable   N/A       N/A         6

Dungeon Overview and Level Annotations

Branches:
Dungeon (8/15)             Temple (1/1) D:4
   Lair: D:8-11

Altars:
Ashenzari
Cheibriados
Dithmenos
Elyvilon
Fedhas
Gozag
Hepliaklqana
Kikubaaqudgha
Makhleb
Nemelex Xobeh
Okawaru
Qazlal
Ru
Sif Muna
Uskayaw
Vehumet
Wu Jian
Xom
Yredelemnul
Zin
The Shining One


Innate Abilities, Weirdness & Mutations

You have very sharp teeth.
Your uncanny sense of smell can sniff out nearby items.
Your experience applies equally to all skills.


Message History

The orc priest shouts!
You hit the orc but do no damage. The orc hits you with a +0 whip.
You puncture the orc!
You kill the orc!
You hit the orc priest.
You bite the orc priest, but do no damage.
The orc priest is lightly wounded.
You hit the orc priest.
The orc priest is heavily wounded.
The orc priest misses you.
You hit the orc priest.
The orc priest is almost dead.
The orc priest hits you with a +0 hand axe.
The orc priest mumbles some strange prayers to Beogh against you.
Beogh smites you!
You hit the orc priest.
You kill the orc priest!
Okawaru accepts your kill.
Your life force feels restored.
Your Spellcasting skill increases to level 7!
You barely miss the orc warrior. You puncture the orc warrior!
You bite the orc warrior, but do no damage.
The orc warrior is moderately wounded.
The orc warrior hits you with a +0 long sword!
You are too injured to fight recklessly!
You hit the orc warrior but do no damage.
Your bite misses the orc warrior.
The orc warrior is moderately wounded.
The orc warrior hits you with a +0 long sword!
* * * LOW HITPOINT WARNING * * *
The orc priest invokes the aid of Beogh against you.
Beogh smites you!
* * * LOW HITPOINT WARNING * * *
Aiming: Paralyse
Press: ? - help, Shift-Dir - straight line, f - orc warrior
Aim: an orc warrior, wielding a +0 long sword and wearing a +0 plate armour (moderately wounded, chance to affect: 61%)
The orc warrior resists with significant effort.
The orc warrior hits you with a +0 long sword!
You die...

#. .. .. ######
#.#########
.....#.#.....o.o.#
####.#.#########o#
# #.#.# #@# #
#.#.# #.# ####.#.#
#.# .....#.# #.#
######.#########.#
.................#
######.###########
.......# ########


You could see an orc warrior and an orc priest.

Vanquished Creatures
  Prince Ribbit (D:6)
  Sigmund (D:5)
  A steam dragon (D:6)
  A black bear (D:5)
  5 orc warriors
  An ice beast (D:6)
  2 sky beasts
  A centaur (D:6)
  A bullfrog (D:7)
  A scorpion (D:5)
  A water moccasin zombie (D:6)
  A water moccasin skeleton (D:2)
  15 wights
  3 bullfrog zombies
  A bullfrog skeleton (D:6)
  7 orc priests
  6 hounds
  2 centaur skeletons (D:7)
  Jessica (D:3)
  3 iguanas
  2 howler monkey zombies
  Robin (D:3)
  4 gnolls (D:4)
  7 adders
  A white imp (D:6)
  An ufetubus (D:2)
  An adder skeleton (D:4)
  10 dart slugs
  19 orcs
  4 bats
  4 endoplasms
  5 giant cockroaches
  5 goblins
  8 hobgoblins
  3 quokkas
  6 ball pythons
  2 frilled lizards (D:1)
  8 kobolds
  4 rats
150 creatures vanquished.

Notes
Turn   | Place    | Note
-------+----------+-------------------------------------------
     0 | D:1      | Ablot the Gnoll Warper began the quest for the Orb.
     0 | D:1      | Reached XP level 1. HP: 20/20 MP: 6/6
   405 | D:1      | Reached XP level 2. HP: 26/26 MP: 7/7
   408 | D:1      | Learned a level 2 spell: Blink
  1309 | D:2      | Reached XP level 3. HP: 28/31 MP: 9/9
  1314 | D:2      | Reached skill level 5 in Spellcasting
  1597 | D:2      | Found a broken altar of Ashenzari.
  1626 | D:2      | Reached skill level 1 in Invocations
  1648 | D:2      | Reached skill level 1 in Short Blades
  1648 | D:2      | Reached skill level 1 in Long Blades
  1648 | D:2      | Reached skill level 1 in Axes
  1648 | D:2      | Reached skill level 1 in Maces & Flails
  1648 | D:2      | Reached skill level 1 in Staves
  1648 | D:2      | Reached skill level 1 in Slings
  1648 | D:2      | Reached skill level 1 in Bows
  1648 | D:2      | Reached skill level 1 in Crossbows
  1648 | D:2      | Reached skill level 1 in Stealth
  1648 | D:2      | Reached skill level 1 in Shields
  1648 | D:2      | Reached skill level 1 in Unarmed Combat
  1648 | D:2      | Reached skill level 1 in Evocations
  1648 | D:2      | Reached XP level 4. HP: 24/38 MP: 11/11
  1775 | D:2      | Reached skill level 1 in Conjurations
  1775 | D:2      | Reached skill level 1 in Hexes
  1775 | D:2      | Reached skill level 1 in Summonings
  1775 | D:2      | Reached skill level 1 in Necromancy
  1775 | D:2      | Reached skill level 1 in Transmutations
  1775 | D:2      | Reached skill level 1 in Fire Magic
  1775 | D:2      | Reached skill level 1 in Ice Magic
  1775 | D:2      | Reached skill level 1 in Air Magic
  1775 | D:2      | Reached skill level 1 in Earth Magic
  1775 | D:2      | Reached skill level 1 in Poison Magic
  1850 | D:2      | Found a faded altar of an unknown god.
  2000 | D:2      | Reached XP level 5. HP: 31/43 MP: 12/12
  2377 | D:3      | Noticed Robin
  2400 | D:3      | Killed Robin
  2529 | D:3      | Noticed Jessica
  2546 | D:3      | Killed Jessica
  3245 | D:4      | Reached XP level 6. HP: 50/50 MP: 13/13
  3293 | D:4      | Reached skill level 5 in Fighting
  3293 | D:4      | Reached skill level 5 in Polearms
  3293 | D:4      | Reached skill level 5 in Dodging
  3549 | D:4      | Found a staircase to the Ecumenical Temple.
  3557 | Temple   | Entered the Ecumenical Temple
  3835 | Temple   | Became a worshipper of Elyvilon the Healer
  4677 | D:5      | Entered Level 5 of the Dungeon
  4825 | D:5      | Reached * piety under Elyvilon
  4858 | D:5      | Reached XP level 7. HP: 47/56 MP: 15/15
  5674 | D:5      | Noticed Sigmund
  5687 | D:5      | Killed Sigmund
  5688 | D:5      | Reached XP level 8. HP: 62/63 MP: 16/16
  6111 | D:6      | Identified the +0 scale mail of Ugiol {rPois Int+2 Slay-5}
  6228 | D:6      | Reached ** piety under Elyvilon
  6228 | D:6      | Found a hazy altar of Hepliaklqana.
  6251 | D:6      | Reached skill level 6 in Spellcasting
  7568 | D:6      | Noticed Prince Ribbit
  7589 | D:6      | Killed Prince Ribbit
  7590 | D:6      | Reached XP level 9. HP: 15/69 MP: 16/18
  8177 | D:7      | Found a sparkling altar of Nemelex Xobeh.
  8784 | D:7      | Reached skill level 5 in Throwing
  8784 | D:7      | Reached skill level 5 in Armour
  8977 | D:7      | Reached *** piety under Elyvilon
  9455 | D:8      | Found an iron altar of Okawaru.
  9463 | D:8      | Fell from the grace of Elyvilon
  9463 | D:8      | Became a worshipper of Warmaster Okawaru
  9837 | D:8      | Reached skill level 5 in Invocations
 10376 | D:8      | Reached * piety under Okawaru
 10571 | D:8      | Reached skill level 7 in Spellcasting
 10577 | D:8      | Slain by an orc warrior

Illustrated notes

Levels and vault maps discovered:
D:1:      amcnicky_arrival_gap_in_the_tavern_cellar, layout_basic
D:2:      layout_basic, hellmonk_ecumenical_altar_run_dry, basic_altar
D:3:      kennysheep_slugbush, layout_loops_ring, uniq_jessica, uniq_robin
D:4:      layout_basic, minmay_temple_entry_statues_pillars,
          kennysheep_generic_room_8
D:5:      layout_loops_cross, minmay_misc_feat_ornament, uniq_sigmund
D:6:      layout_loops_cross, mainiacjoe_overflow_brackets, uniq_prince_ribbit1
D:7:      layout_loops_ring, nemelex_xobeh_ov_fountains_minmay
D:8:      layout_basic, mainiacjoe_overflow_24_doors, lair_entry_dummy
Temple:   regret_index_temple_mists

Skill      XL: |  1  2  3  4  5  6  7  8  9 |
---------------+----------------------------+-----
Spellcasting   | 5 6 7 |  7.0
Invocations    | 1 2 3 4 5 |  5.2
Short Blades   | 1 2 3 4 |  4.7
Long Blades    | 1 2 3 4 |  4.7
Axes           | 1 2 3 4 |  4.7
Maces & Flails | 1 2 3 4 |  4.7
Staves         | 1 2 3 4 |  4.7
Slings         | 1 2 3 4 |  4.7
Bows           | 1 2 3 4 |  4.7
Crossbows      | 1 2 3 4 |  4.7
Stealth        | 1 2 3 4 |  4.7
Shields        | 1 2 3 4 |  4.7
Unarmed Combat | 1 2 3 4 |  4.7
Evocations     | 1 2 3 4 |  4.7
Conjurations   | 1 2 3 |  3.9
Hexes          | 1 2 3 |  3.9
Summonings     | 1 2 3 |  3.9
Necromancy     | 1 2 3 |  3.9
Transmutations | 1 2 3 |  3.9
Fire Magic     | 1 2 3 |  3.9
Ice Magic      | 1 2 3 |  3.9
Air Magic      | 1 2 3 |  3.9
Earth Magic    | 1 2 3 |  3.9
Poison Magic   | 1 2 3 |  3.9
Throwing       | 3 4 5 |  5.4
Armour         | 3 4 5 |  5.4
Fighting       | 5 6 |  6.6
Polearms       | 5 6 |  6.6
Dodging        | 5 6 |  6.6
Translocations | 6 |  6.8

Action                   |  1- 3 |  4- 6 |  7- 9 || total
-------------------------+-------+-------+-------++-------
Melee: Spear             |   114 |   104 |   253 ||   471
       Bite              |     9 |    16 |    25 ||    50
       Punch             |     2 |     1 |     9 ||    12
       Trident           |       |    66 |    62 ||   128
Throw: Dart              |       |     5 |    24 ||    29
       Stone             |       |     2 |       ||     2
       Boomerang         |       |       |     8 ||     8
 Cast: Blink             |       |     2 |     4 ||     6
Evoke: Wand              |       |       |     4 ||     4
 Stab: Sleeping          |       |     5 |    10 ||    15
Armor: Leather armour    |    17 |    23 |     5 ||    45
       Robe              |       |       |    31 ||    31
Dodge: Dodged            |    49 |    75 |   125 ||   249
